 Dungeon Crawl Stone Soup version 0.29.1-13-g9f3cf754e1 (webtiles) character file.

Game seed: 17567694529724602947

606 cdecastro the Cleaver (level 7, -5/58 HPs)
             Began as a Hill Orc Fighter on Feb 7, 2023.
             Was an Initiate of Yredelemnul.
             Slain by Edmund
             ... wielding a +5 dire flail of protection
              (14 damage)
             ... on level 3 of the Dungeon.
             The game lasted 00:09:14 (5462 turns).

cdecastro the Cleaver (Hill Orc Fighter)            Turns: 5462, Time: 00:09:15

Health: -5/58      AC:  8    Str: 21    XL:     7   Next: 42%
Magic:  5/8        EV:  9    Int:  8    God:    Yredelemnul [......]
Gold:   129        SH:  5    Dex: 10    Spells: 6/6 levels left

rFire   . . .      SeeInvis +   a - +0 war axe
rCold   . . .      Faith    .   (no shield)
rNeg    . . .      Spirit   .   b - +0 scale mail
rPois   .          Reflect  +   (helmet restricted)
rElec   .          Harm     .   (no cloak)
rCorr   .          Rampage  .   l - +0 pair of gloves
Will    .....                   (no boots)
Stlth   ..........              w - amulet of reflection
HPRegen 0.19/turn               A - ring of see invisible
MPRegen 0.11/turn               (no ring)

@: mighty
A: antennae 1, low MP 1
a: Renounce Religion, Recall Undead Harvest


You were on level 3 of the Dungeon.
You worshipped Yredelemnul.
Yredelemnul was noncommittal.
You visited 1 branch of the dungeon, and saw 4 of its levels.

You collected 323 gold pieces.
You spent 194 gold pieces at shops.

Inventory:

Hand Weapons
 a - a +0 war axe (weapon)
Missiles
 t - 8 poisoned darts (quivered)
 y - 2 boomerangs
Armour
 b - a +0 scale mail (worn)
 c - a +0 buckler
 l - a +0 pair of gloves (worn)
 o - a +0 helmet
Jewellery
 w - an amulet of reflection (around neck)
 A - a ring of see invisible (left hand)
Wands
 p - a wand of light (6)
 C - a wand of flame (13)
Scrolls
 j - 3 scrolls of vulnerability {unknown}
 k - 3 scrolls of teleportation {unknown}
 m - 6 scrolls of identify {unknown}
 u - 2 scrolls of fear {unknown}
 x - 2 scrolls of butterflies {unknown}
 B - a scroll of blinking {unknown}
Potions
 d - a potion of might
 i - 3 potions of flight
 n - a potion of haste {unknown}
 q - 2 potions of magic {unknown}
 r - a potion of resistance {unknown}
 s - 2 potions of brilliance {unknown}
 v - a potion of berserk rage {unknown}
 z - 2 potions of curing


   Skills:
 + Level 3.7 Fighting
 - Level 10.0 Axes
 - Level 3.2 Armour
 - Level 3.2 Shields
 - Level 3.0 Invocations


You had 6 spell levels left.
You didn't know any spells.
Your spell library contained the following spells:

 Spells                   Type           Power      Damage    Failure   Level
 Poisonous Vapours        Pois/Air       0%         N/A       87%         2
 Corpse Rot               Necr/Pois/Air  0%         N/A       100%        4


Dungeon Overview and Level Annotations

Branches:
Dungeon (4/15)
 Temple: D:4-7

Altars:
Yredelemnul

Shops:
D:3 *

Annotations:
D:3 Edmund; Ijyb
D:4 2 runed translucent doors, Thatpatchoflichen's ghost, weakling DgGl


Innate Abilities, Weirdness & Mutations

You have a pair of small antennae on your head.
Your magical capacity is low. (-10% MP)


Message History

Edmund hits you with a +5 dire flail of protection.
You closely miss Edmund.
Edmund is heavily wounded.
Edmund barely misses you.
You hit Edmund but do no damage.
Edmund is heavily wounded.
Edmund barely misses you.
You slash Edmund!
Edmund is severely wounded.
Edmund closely misses you.
You barely miss Edmund.
Edmund is severely wounded.
Edmund hits you with a +5 dire flail of protection!
You hit Edmund.
Edmund is severely wounded.
Edmund hits you with a +5 dire flail of protection.
You hit Edmund but do no damage.
Edmund is severely wounded.
Edmund drinks a potion.
Edmund is healed!
You completely miss Edmund.
Edmund is heavily wounded.
Edmund hits you with a +5 dire flail of protection.
* * * LOW HITPOINT WARNING * * *
You completely miss Edmund.
Edmund is heavily wounded.
Edmund hits you with a +5 dire flail of protection!
* * * LOW HITPOINT WARNING * * *
You closely miss Edmund. Your punch misses Edmund.
Edmund is heavily wounded.
Edmund hits you with a +5 dire flail of protection.
* * * LOW HITPOINT WARNING * * *
You hit Edmund but do no damage.
Edmund is heavily wounded.
Edmund hits you with a +5 dire flail of protection.
* * * LOW HITPOINT WARNING * * *
You hit Edmund.
Edmund is heavily wounded.
Edmund hits you with a +5 dire flail of protection!
You die...
Your body rises from the dead as a mindless zombie.

##### #.#.......#.######
#...# #.######÷)<......#
#...###.# #.#######.#
#.......# #.# #.# #.#
###.##### #.###.# #.#
###.##.#######.....# #.###
#...##..........<#.# #...#
#.####.###########.#
###.#####
####.####.####g@@.....#
#......
..............>####.#.#
######. ####.####'####.#
#.#.# #. ## #.# #....##.#
#.#.# #. .###.# #....##.##
#.#.####### #.
.†...###....#...# #.#.......#
#. .###.....)..#...#
#.#######.# #.
##..####....#...###.#######.#
#. ....#
#)...#...#...........# #.


You could see Edmund and Ijyb.

Vanquished Creatures
  2 scorpions (D:4)
  A howler monkey (D:4)
  A jelly (D:4)
  An orc priest (D:4)
  Jessica (D:2)
  An iguana (D:3)
  An orc wizard (D:4)
  Robin (D:2)
  4 gnolls (D:4)
  6 adders
  4 worms
  5 dart slugs
  13 orcs
  6 ball pythons
  4 bats
  11 endoplasms
  8 giant cockroaches
  10 goblins
  10 hobgoblins
  9 jackals
  6 quokkas
  5 frilled lizards
  7 kobolds
  10 rats
127 creatures vanquished.

Vanquished Creatures (collateral kills)
  A gnoll bouda (D:4)
  An iguana (D:4)
  A jackal (D:4)
3 creatures vanquished.

Vanquished Creatures (others)
  2 scorpion zombies (D:4)
  A howler monkey zombie (D:4)
  2 gnoll zombies (D:4)
  An iguana zombie (D:4)
  A goblin (D:2)
  A ball python zombie (D:4)
  5 jackal zombies (D:4)
  3 orc zombies (D:4)
16 creatures vanquished.

Grand Total: 146 creatures vanquished

Notes
Turn   | Place    | Note
-------+----------+-------------------------------------------
     0 | D:1      | cdecastro the Hill Orc Fighter began the quest for the Orb.
     0 | D:1      | Reached XP level 1. HP: 19/19 MP: 1/1
    35 | D:1      | Reached skill level 3 in Axes
   293 | D:1      | Reached XP level 2. HP: 26/26 MP: 2/2
   395 | D:1      | Reached skill level 4 in Axes
   508 | D:1      | Reached XP level 3. HP: 31/31 MP: 3/3
   552 | D:1      | Reached skill level 5 in Axes
  1121 | D:2      | Reached XP level 4. HP: 24/39 MP: 4/4
  1688 | D:2      | Noticed Jessica
  1693 | D:2      | Killed Jessica
  1694 | D:2      | Reached skill level 6 in Axes
  2014 | D:2      | Noticed Robin
  2032 | D:2      | Killed Robin
  2033 | D:2      | Reached XP level 5. HP: 29/45 MP: 5/5
  2338 | D:2      | Reached skill level 7 in Axes
  2887 | D:3      | Found Luj Hiss's Assorted Antiques.
  2897 | D:3      | Bought a scroll labelled CIUNE QOCOTA for 25 gold pieces
  2897 | D:3      | Bought a clear potion for 22 gold pieces
  2897 | D:3      | Bought a bubbling inky potion for 22 gold pieces
  2897 | D:3      | Bought a thick ruby amulet for 125 gold pieces
  3206 | D:3      | Reached skill level 8 in Axes
  3213 | D:3      | Reached XP level 6. HP: 44/51 MP: 6/6
  3443 | D:3      | Found a basalt altar of Yredelemnul.
  3820 | D:3      | Became a worshipper of Yredelemnul the Dark
  3840 | D:4      | Noticed Edmund
  3898 | D:4      | Reached * piety under Yredelemnul
  4045 | D:4      | Reached ** piety under Yredelemnul
  4046 | D:4      | Reached skill level 9 in Axes
  4101 | D:4      | Reached skill level 1 in Invocations
  4474 | D:4      | Found a runed translucent door.
  4508 | D:4      | Reached XP level 7. HP: 29/57 MP: 7/9
  4715 | D:4      | Found a runed translucent door.
  4716 | D:4      | Noticed Thatpatchoflichen's ghost (weakling DgGl)
  5024 | D:4      | Gained mutation: You have a pair of small antennae on your
                  | head. [potion of mutation]
  5024 | D:4      | Gained mutation: Your magical capacity is low. (-10% MP)
                  | [potion of mutation]
  5190 | D:4      | Reached skill level 10 in Axes
  5424 | D:4      | Noticed Ijyb
  5462 | D:3      | Slain by Edmund

Illustrated notes

Levels and vault maps discovered:
D:1:      dpeg_arrival_simpleton_b, layout_basic, minmay_bisected
D:2:      minmay_chambers_of_twos, layout_basic, uniq_robin, uniq_jessica
D:3:      minmay_bubble_buster, layout_basic, mainiacjoe_overflow_cross_hatched,
          serial_shops, nicolae_diamond_shop, grunt_decor_fettered,
          kennysheep_nondescript, kennysheep_generic_room_6
D:4:      layout_loops_ring, ebering_ghost_sewer_f, uniq_ijyb, uniq_edmund

Skill      XL: |  1  2  3  4  5  6  7 |
---------------+----------------------+-----
Axes           | 3 4 5 6 8 9 10 | 10.0
Invocations    | 3 |  3.0
Fighting       | |  3.7
Armour         | |  3.2
Shields        | |  3.2

Action                   |  1- 3 |  4- 6 |  7- 9 || total
-------------------------+-------+-------+-------++-------
Melee: War axe           |    70 |   252 |    77 ||   399
       Punch             |     2 |     3 |     2 ||     7
Invok: Recall Undead Har |       |       |     3 ||     3
  Use: Potion            |       |     2 |     5 ||     7
Armor: Scale mail        |    32 |   122 |    17 ||   171
Dodge: Dodged            |    33 |   133 |    33 ||   199
Block: Other             |       |    30 |    10 ||    40
       Reflection        |       |       |     1 ||     1
